 Dungeon Crawl Stone Soup version 0.27.1-15-g792fb953b9 (webtiles) character file.

Game seed: 7754980347733551435

133 spaced the Skirmisher (level 4, -1/35 HPs)
             Began as a Demonspawn Abyssal Knight on Nov 20, 2021.
             Was a Believer of Lugonu.
             Slain by Natasha (4 damage)
             ... on level 3 of the Dungeon.
             The game lasted 00:14:02 (3442 turns).

spaced the Skirmisher (Demonspawn Abyssal Knight)   Turns: 3442, Time: 00:14:02

Health: -1/35      AC:  8    Str: 13    XL:     4   Next: 94%
Magic:  6/6        EV: 11    Int: 14    God:    Lugonu [**....]
Gold:   127        SH:  0    Dex: 18    Spells: 5/5 levels left

rFire    + . .     SeeInvis .   a - +1 falchion
rCold    x . .     Faith    .   (no shield)
rNeg     . . .     Spirit   .   e - +0 scale mail
rPois    .         Reflect  .   k - +0 helmet
rElec    .         Harm     .   (no cloak)
rCorr    .         Rampage  .   (no gloves)
Will     .....                  m - +0 pair of boots
Stlth    ..........             c - amulet of magic regeneration
HPRegen  0.11/turn              o - +6 ring of dexterity
MPRegen  0.35/turn              s - ring of fire

@: slowed, very slow
A: repulsion field 1
a: Renounce Religion, Depart the Abyss, Bend Space


You were on level 3 of the Dungeon.
You worshipped Lugonu.
Lugonu was pleased with you.
You visited 1 branch of the dungeon, and saw 3 of its levels.
You visited the Abyss 1 time.

You collected 127 gold pieces.

Inventory:

Hand Weapons
 a - a +1 falchion (weapon)
 i - a +0 dagger of venom
 u - a +2 war axe of pain
Armour
 b - a +0 leather armour
 e - a +0 scale mail (worn)
 k - a +0 helmet (worn)
 m - a +0 pair of boots (worn)
Jewellery
 c - an amulet of magic regeneration (around neck)
 o - a +6 ring of dexterity (left hand)
 s - a ring of fire (right hand)
 v - a ring of protection from cold
Scrolls
 d - a scroll of acquirement {unknown}
 f - a scroll of fear {unknown}
 g - 3 scrolls of amnesia
 h - a scroll of enchant weapon {unknown}
 l - 2 scrolls of teleportation
 n - a scroll of blinking {unknown}
 p - a scroll of vulnerability {unknown}
 r - a scroll of magic mapping {unknown}
 w - a scroll of immolation {unknown}
Potions
 j - a potion of curing {unknown}
 q - 2 potions of flight {unknown}
 t - a potion of heal wounds {unknown}


   Skills:
 + Level 3.5 Fighting
 + Level 3.1 Long Blades
 + Level 2.5 Armour
 + Level 1.1 Dodging
 + Level 0.4 Stealth
 * Level 1.3 Spellcasting
 + Level 2.8 Invocations


You had 5 spell levels left.
You didn't know any spells.
Your spell library was empty.

Dungeon Overview and Level Annotations

Branches:
Dungeon (3/15)

Altars:
Makhleb

Annotations:
D:3 3 runed translucent doors, Joey1's ghost, amateur MiBe; KittyFluff's ghost, amateur GrBe; Natasha; Silentouch's ghost, amateur DsMo


Innate Abilities, Weirdness & Mutations

You are surrounded by a mild repulsion field. (EV +2)


Message History

You start resting.
Natasha, Servant of Life and Death comes into view.
Natasha hisses angrily.
Natasha casts a spell at you.
You feel yourself slow down. Natasha claws you but does no damage.
You barely miss Natasha. Natasha barely misses you.
You riposte.
You hit Natasha but do no damage. You hit Natasha.
Natasha is moderately wounded.
Natasha casts a spell at you.
You feel as though you will be slow longer.
Natasha claws you!
* * * LOW HITPOINT WARNING * * *
You are too injured to fight recklessly!
You are too injured to fight recklessly!
You hit Natasha.
Natasha is severely wounded.
Natasha claws you.
* * * LOW HITPOINT WARNING * * *
Natasha claws you but does no damage.
You closely miss Natasha.
Natasha is severely wounded.
Natasha mumbles some strange words.
You feel disoriented. Natasha misses you.
You riposte.
You hit Natasha.
Natasha is almost dead.
You barely miss Natasha.
Natasha is almost dead.
Natasha claws you.
* * * LOW HITPOINT WARNING * * *
Natasha wildly gestures.
Natasha's front paws start to glow.
Natasha claws you but does no damage.
You closely miss Natasha.
Natasha is almost dead.
Natasha barely misses you.
You riposte.
You hit Natasha.
Natasha is almost dead.
Natasha claws you.
You die...

#.# # #####.#### #
#........# #
#....)...# ###### #
#..[.....# #....#
#........# #....#
#........###....#####
#....................
###.@h...............
#.########†........
#.# #..^...... #.#
####.##### #.#
#####.#.... #.#
#.......### #.#
#...))..# #.#
#.......#
#.###########'#.###


You could see Natasha.

Vanquished Creatures
  Natasha (twice) (D:3)
  An adder (D:2)
  A worm (D:2)
  A dart slug (D:2)
  7 orcs (D:3)
  4 ball pythons
  5 endoplasms
  4 giant cockroaches
  6 goblins
  5 hobgoblins
  2 quokkas (D:1)
  5 bats
  4 frilled lizards
  7 kobolds
  5 rats
59 creatures vanquished.

Vanquished Creatures (others)
  2 starspawn tentacles (Abyss:1)
  4 withered plants (D:3)
6 creatures vanquished.

Grand Total: 65 creatures vanquished

Notes
Turn   | Place    | Note
-------+----------+-------------------------------------------
     0 | Abyss:1  | spaced the Demonspawn Abyssal Knight began the quest for
                  | the Orb.
     0 | Abyss:1  | Reached XP level 1. HP: 18/18 MP: 2/2
    31 | Abyss:1  | Found a corrupted altar of Lugonu.
    95 | Abyss:1  | Noticed a tentacled starspawn
   126 | Abyss:1  | Noticed a worldbinder
   128 | Abyss:1  | Noticed an ironbound preserver
   131 | Abyss:1  | Noticed a yaktaur
   133 | D:1      | Escaped the Abyss
   490 | D:1      | Reached skill level 1 in Dodging
   490 | D:1      | Gained mutation: You are surrounded by a mild repulsion
                  | field. (EV +2) [demonic ancestry]
   490 | D:1      | Reached XP level 2. HP: 23/24 MP: 3/3
   650 | D:1      | Reached * piety under Lugonu
  1365 | D:2      | Reached XP level 3. HP: 26/29 MP: 5/5
  1469 | D:2      | Found a faded altar of an unknown god.
  2399 | D:3      | Found a runed translucent gate.
  2399 | D:3      | Found a runed translucent gate.
  2399 | D:3      | Found a runed translucent gate.
  2401 | D:3      | Noticed Silentouch's ghost (amateur DsMo)
  2402 | D:3      | Noticed Joey1's ghost (amateur MiBe)
  2402 | D:3      | Noticed KittyFluff's ghost (amateur GrBe)
  2463 | D:3      | Found a burning altar of Makhleb.
  2625 | D:3      | Reached skill level 1 in Spellcasting
  2636 | D:3      | Reached ** piety under Lugonu
  2762 | D:3      | Reached XP level 4. HP: 33/35 MP: 6/6
  2946 | D:3      | Noticed Natasha
  2957 | D:3      | Killed Natasha
  3411 | D:3      | Noticed Natasha
  3424 | D:3      | Killed Natasha
  3426 | D:3      | Noticed Natasha
  3442 | D:3      | Slain by Natasha

Illustrated notes

Levels and vault maps discovered:
D:1:      amcnicky_arrival_single_pillar, layout_basic
D:2:      minmay_kobold_bridge, layout_basic, basic_ecumenical_altar
D:3:      layout_basic, overflow_temple_1_default, gammafunk_ghost_cemetery,
          uniq_natasha

Skill      XL: |  1  2  3  4 |
---------------+-------------+-----
Armour         | 2 |  2.5
Dodging        | 1 |  1.1
Long Blades    | 2 3 |  3.1
Spellcasting   | 1 |  1.3
Fighting       | |  3.5
Stealth        | |  0.4
Invocations    | |  2.8

Action                   |  1- 3 |  4- 6 || total
-------------------------+-------+-------++-------
Melee: Falchion          |   104 |    56 ||   160
Invok: Depart the Abyss  |     1 |       ||     1
  Use: Scroll            |     2 |       ||     2
Armor: Leather armour    |     9 |       ||     9
       Scale mail        |    35 |    27 ||    62
Dodge: Dodged            |    72 |    21 ||    93
       Rpst.: Falchion   |    26 |     9 ||    35
